 Seeded DCSS version 0.29-a0-643-ga013cefcf8 (webtiles) character file.

Game seed: 10802498693541890562 (custom seed)

488 wilfster70 the Chiller (level 7, -8/50 HPs)
             Began as a Gnoll Ice Elementalist on June 19, 2022.
             Mangled by Duvessa
             ... wielding a +0 short sword of electrocution
              (15 damage)
             ... on level 4 of the Dungeon.
             The game lasted 00:10:27 (4712 turns).

wilfster70 the Chiller (Gnoll Ice Elementalist)     Turns: 4712, Time: 00:10:27

Health: -8/50      AC:  2    Str:  8    XL:     7   Next: 13%
Magic:  13/15      EV: 13    Int: 16    God:
Gold:   175        SH:  0    Dex: 12    Spells: 13/17 levels left

rFire   . . .      SeeInvis +   b - +0 spear
rCold   + . .      Faith    .   (no shield)
rNeg    . . .      Spirit   .   g - +0 robe
rPois   .          Reflect  .   (no helmet)
rElec   .          Harm     .   (no cloak)
rCorr   .          Rampage  .   (no gloves)
Will    .....                   (no boots)
Stlth   +++.......              (no amulet)
HPRegen 0.16/turn               d - ring of Spite {rC+ SInv}
MPRegen 0.14/turn               (no ring)

@: about to teleport
A: fangs 1, strong nose, distributed training
a: no special abilities


You were on level 4 of the Dungeon.
You visited 1 branch of the dungeon, and saw 4 of its levels.

You collected 175 gold pieces.

Inventory:

Hand Weapons
 a - a +1 dagger of speed
 b - a +0 spear (weapon)
Missiles
 o - an atropa-tipped dart
Armour
 g - a +0 robe (worn)
Jewellery
 d - the ring of Spite (left hand) {rC+ SInv}
   (You acquired it on level 1 of the Dungeon)

   [ring of protection from cold]

   rC:        It protects you from cold.
   SInv:      It lets you see invisible.
Scrolls
 e - a scroll of fog {unknown}
 f - a scroll of teleportation
 h - a scroll of enchant armour {unknown}
 i - 3 scrolls of identify {unknown}
 l - a scroll of noise {unknown}
 m - a scroll of brand weapon {unknown}
 q - a scroll of poison {unknown}
 r - 2 scrolls of fear {unknown}
 s - a scroll of enchant weapon {unknown}
Potions
 c - a potion of degeneration {unknown}
 j - a potion of berserk rage {unknown}
 k - a potion of haste {unknown}
 n - 2 potions of magic
 p - 2 potions of brilliance {unknown}
 t - a potion of flight {unknown}
 u - a potion of invisibility {unknown}


   Skills:
 + Level 2.3 Fighting
 + Level 2.3 Short Blades
 + Level 2.3 Long Blades
 + Level 2.3 Axes
 + Level 2.3 Maces & Flails
 + Level 2.3 Polearms
 + Level 2.3 Staves
 + Level 2.3 Slings
 + Level 2.3 Bows
 + Level 2.3 Crossbows
 + Level 2.3 Throwing
 + Level 2.3 Armour
 + Level 5.1 Dodging
 + Level 4.8 Stealth
 + Level 2.3 Shields
 + Level 2.3 Unarmed Combat
 + Level 5.5 Spellcasting
 + Level 1.8 Conjurations
 + Level 1.8 Hexes
 + Level 1.8 Summonings
 + Level 1.8 Necromancy
 + Level 1.8 Translocations
 + Level 1.8 Transmutations
 + Level 1.8 Fire Magic
 + Level 7.3 Ice Magic
 + Level 1.8 Air Magic
 + Level 1.8 Earth Magic
 + Level 1.8 Poison Magic
 + Level 2.5 Invocations
 + Level 2.3 Evocations


You had 13 spell levels left.
You knew the following spells:

 Your Spells              Type           Power      Damage    Failure   Level
a - Freeze                Ice            100%       1d11      1%          1
b - Frozen Ramparts       Ice            56%        1d7       1%          3

Your spell library contained the following spells:

 Spells                   Type           Power      Damage    Failure   Level
 Ozocubu's Armour         Ice            28%        N/A       1%          3
 Static Discharge         Conj/Air       10%        N/A       10%         2
 Hailstorm                Conj/Ice       19%        3d6       22%         4
 Dispel Undead            Necr           10%        3d9       54%         4
 Sticky Flame             Conj/Fire      10%        2d3       54%         4
 Freezing Cloud           Conj/Ice/Air   8%         6-21      65%         5
 Simulacrum               Ice/Necr       9%         N/A       97%         6
 Polar Vortex             Ice            14%        N/A       100%        9


Dungeon Overview and Level Annotations

Branches:
Dungeon (4/15)
 Temple: D:4-7

Altars:

Annotations:
D:4 2 runed translucent doors, Duvessa; qborf's ghost, weakling MeCK


Innate Abilities, Weirdness & Mutations

You have very sharp teeth.
Your uncanny sense of smell can sniff out nearby items.
Your experience applies equally to all skills.


Message History

You closely miss Dowan.
Dowan is moderately wounded.
The wall freezes Dowan.
Dowan hits you with a +0 dagger.
You closely miss Dowan.
Dowan is heavily wounded.
The wall freezes Dowan.
Dowan misses you.
You closely miss Dowan.
Dowan is severely wounded.
The wall freezes Dowan.
Dowan barely misses you.
You hit Dowan.
Dowan is almost dead.
The wall freezes Dowan.
You kill Dowan!
Duvessa weeps, and shakes her weapon.
Duvessa goes berserk!
The wall freezes Duvessa.
You hit Duvessa.
Duvessa is lightly wounded.
The wall freezes Duvessa.
Duvessa hits you with a +0 short sword of electrocution!
You closely miss Duvessa.
Duvessa is lightly wounded.
The wall freezes Duvessa.
Duvessa closely misses you.
The wall freezes Duvessa.
Duvessa hits you with a +0 short sword of electrocution.
You closely miss Duvessa.
Duvessa is moderately wounded.
The wall freezes Duvessa.
Duvessa hits you with a +0 short sword of electrocution!
Okay, then.
Unknown command.
Unknown command.
As you read the scroll labelled OVATYURPHI OSTU, it crumbles to dust.
You feel strangely unstable.
It was a scroll of teleportation.
The wall freezes Duvessa.
Duvessa closely misses you.
The wall freezes Duvessa but does no damage.
Duvessa hits you with a +0 short sword of electrocution!
* * * LOW HITPOINT WARNING * * *
Your frozen ramparts will break if you move.
Continue?
The frozen ramparts melt away as you move.
Duvessa hits you with a +0 short sword of electrocution!
You die...

.........?..)†..
##.#...#..##.##<# ∆
#...............#
#..#(....###.##.#
#..#.....# #.##.#
#..#.....# #.##.#
##..).....###.....
#........##.####..
####@e......#.#.#####
#..........>.###.##
#.##...........##.###
# #.....#...#.#.###.
#........#........
#........##.#####.
##.......#### #.
##......# #. ####.###
#.


You could see Duvessa (berserk).

Vanquished Creatures
  Edmund (D:4)
  Pargi (D:3)
  Dowan (D:4)
  Terence (D:3)
  3 orc wizards (D:3)
  Robin (D:2)
  3 adders
  3 worms (D:2)
  2 orcs (D:3)
  8 ball pythons
  3 bats
  9 endoplasms
  6 giant cockroaches
  13 goblins
  5 hobgoblins
  3 jackals (D:1)
  4 quokkas
  14 frilled lizards
  8 kobolds
  7 rats
96 creatures vanquished.

Vanquished Creatures (others)
  9 plants (D:3)
9 creatures vanquished.

Grand Total: 105 creatures vanquished

Notes
Turn   | Place    | Note
-------+----------+-------------------------------------------
     0 | D:1      | wilfster70 the Gnoll Ice Elementalist began the quest for
                  | the Orb.
     0 | D:1      | Reached XP level 1. HP: 13/13 MP: 6/6
     8 | D:1      | Identified a scroll of acquirement
     8 | D:1      | Acquired the ring of Spite {rC+ SInv}
   254 | D:1      | Reached XP level 2. HP: 11/19 MP: 3/7
   694 | D:1      | Reached XP level 3. HP: 25/25 MP: 3/9
   699 | D:1      | Learned a level 3 spell: Frozen Ramparts
   705 | D:1      | Reached skill level 5 in Spellcasting
  1099 | D:1      | Found Resops's Armour Shop.
  1106 | D:1      | Reached skill level 1 in Invocations
  1657 | D:2      | Noticed Robin
  1667 | D:2      | Reached skill level 1 in Fighting
  1667 | D:2      | Reached skill level 1 in Short Blades
  1667 | D:2      | Reached skill level 1 in Long Blades
  1667 | D:2      | Reached skill level 1 in Axes
  1667 | D:2      | Reached skill level 1 in Maces & Flails
  1667 | D:2      | Reached skill level 1 in Polearms
  1667 | D:2      | Reached skill level 1 in Staves
  1667 | D:2      | Reached skill level 1 in Slings
  1667 | D:2      | Reached skill level 1 in Bows
  1667 | D:2      | Reached skill level 1 in Crossbows
  1667 | D:2      | Reached skill level 1 in Throwing
  1667 | D:2      | Reached skill level 1 in Armour
  1667 | D:2      | Reached skill level 1 in Shields
  1667 | D:2      | Reached skill level 1 in Unarmed Combat
  1667 | D:2      | Reached skill level 1 in Evocations
  1675 | D:2      | Killed Robin
  1676 | D:2      | Reached XP level 4. HP: 18/32 MP: 8/11
  2092 | D:2      | Reached skill level 1 in Conjurations
  2092 | D:2      | Reached skill level 1 in Hexes
  2092 | D:2      | Reached skill level 1 in Summonings
  2092 | D:2      | Reached skill level 1 in Necromancy
  2092 | D:2      | Reached skill level 1 in Translocations
  2092 | D:2      | Reached skill level 1 in Transmutations
  2092 | D:2      | Reached skill level 1 in Fire Magic
  2092 | D:2      | Reached skill level 1 in Air Magic
  2092 | D:2      | Reached skill level 1 in Earth Magic
  2092 | D:2      | Reached skill level 1 in Poison Magic
  3112 | D:3      | Reached XP level 5. HP: 37/37 MP: 8/12
  3446 | D:3      | Noticed Pargi
  3459 | D:3      | Killed Pargi
  3460 | D:3      | Reached XP level 6. HP: 13/44 MP: 8/14
  3461 | D:3      | Found a faded altar of an unknown god.
  3788 | D:3      | Reached skill level 5 in Dodging
  3993 | D:3      | Noticed Terence
  4000 | D:3      | Killed Terence
  4459 | D:4      | Noticed Dowan
  4476 | D:4      | Noticed Edmund
  4478 | D:4      | Found a large runed translucent door.
  4479 | D:4      | Found a large runed translucent door.
  4490 | D:4      | Killed Edmund
  4491 | D:4      | Reached XP level 7. HP: 25/50 MP: 5/15
  4491 | D:4      | Noticed qborf's ghost (weakling MeCK)
  4685 | D:4      | Noticed Duvessa
  4706 | D:4      | Killed Dowan
  4712 | D:4      | Mangled by Duvessa

Illustrated notes

Levels and vault maps discovered:
D:1:      kilobyte_arrival_exit_the_forest, layout_loops_ring, serial_shops,
          shop
D:2:      layout_basic, uniq_robin
D:3:      layout_loops_corners, hellmonk_ecumenical_altar_pennies_from_heaven,
          gup_sewer_entry_bowl, chequers_serial_rivers_micro_d,
          minmay_lizard_king, uniq_pargi, uniq_terence
D:4:      layout_loops_cross, ebering_ghost_disaster_area, abandoned_shop,
          chequers_serial_rivers_room_b, minmay_misc_feat_doors,
          hangedman_decor_slide_cut, uniq_edmund, uniq_duvessa, uniq_menkaure

Skill      XL: |  1  2  3  4  5  6 |
---------------+-------------------+-----
Spellcasting   | 5 |  5.5
Invocations    | 1 2 |  2.5
Fighting       | 1 2 |  2.3
Short Blades   | 1 2 |  2.3
Long Blades    | 1 2 |  2.3
Axes           | 1 2 |  2.3
Maces & Flails | 1 2 |  2.3
Polearms       | 1 2 |  2.3
Staves         | 1 2 |  2.3
Slings         | 1 2 |  2.3
Bows           | 1 2 |  2.3
Crossbows      | 1 2 |  2.3
Throwing       | 1 2 |  2.3
Armour         | 1 2 |  2.3
Shields        | 1 2 |  2.3
Unarmed Combat | 1 2 |  2.3
Evocations     | 1 2 |  2.3
Conjurations   | 1 |  1.8
Hexes          | 1 |  1.8
Summonings     | 1 |  1.8
Necromancy     | 1 |  1.8
Translocations | 1 |  1.8
Transmutations | 1 |  1.8
Fire Magic     | 1 |  1.8
Air Magic      | 1 |  1.8
Earth Magic    | 1 |  1.8
Poison Magic   | 1 |  1.8
Dodging        | 5 |  5.1
Stealth        | |  4.8
Ice Magic      | |  7.3

Action                   |  1- 3 |  4- 6 |  7- 9 || total
-------------------------+-------+-------+-------++-------
Melee: Unarmed           |     2 |       |       ||     2
       Dagger            |    24 |    34 |       ||    58
       Bite              |     2 |     5 |       ||     7
       Spear             |       |    60 |    11 ||    71
       Punch             |       |     1 |       ||     1
Throw: Dart              |       |       |     2 ||     2
 Cast: Freeze            |    49 |    11 |       ||    60
       Frozen Ramparts   |     2 |    19 |     1 ||    22
  Use: Scroll            |     1 |       |     1 ||     2
 Stab: Sleeping          |     2 |     7 |       ||     9
Armor: Robe              |    10 |    12 |       ||    22
Dodge: Dodged            |    45 |    57 |     6 ||   108

Table legend: (Time is in decaauts)
 A = Elapsed time spent in this place.
 B = Non-inter-level travel time spent in this place.
 C = Inter-level travel time spent in this place.
 D = Time resting spent in this place.
 E = Time spent auto-exploring this place.
 F = Levels seen in this place.
 G = Mean time per level.
                   A        B        C        D        E       F      G
               +--------+--------+--------+--------+--------+-----+--------+
         Total |   4714 |   4619 |     95 |   1445 |   1974 |   4 | 1178.5 |
       Dungeon |   4714 |   4619 |     95 |   1445 |   1974 |   4 | 1178.5 |
               +--------+--------+--------+--------+--------+-----+--------+

Top non-repeatable levels by time:
     D:3: 1844 daAuts
     D:1: 1539 daAuts
     D:2: 1207 daAuts
     D:4: 123 daAuts
